 Dungeon Crawl Stone Soup version 0.30-a0-585-g93115170b9 (webtiles) character file.

Game seed: 7339126856360350814

0 Citaku the Twirler (level 1, -1/16 HPs)
             Began as a Human Wanderer on Jan 2, 2023.
             Slain by a jackal (2 damage)
             ... on level 1 of the Dungeon.
             The game lasted 00:00:42 (77 turns).

Citaku the Twirler (Human Wanderer)                   Turns: 77, Time: 00:00:43

Health: -1/16      AC:  3    Str: 13    XL:     1   Next: 11%
Magic:  4/4        EV: 10    Int: 11    God:
Gold:   0          SH:  0    Dex: 12    Spells: 5/6 levels left

rFire   . . .      SeeInvis .    a - +3 quarterstaff
rCold   . . .      Faith    .    (shield currently unavailable)
rNeg    . . .      Spirit   .    c - +0 leather armour
rPois   .          Reflect  .    (no helmet)
rElec   .          Harm     .    (no cloak)
rCorr   .          Rampage  .    (no gloves)
Will    .....                    (no boots)
Stlth   +                        (no amulet)
HPRegen 0.22/turn                (no ring)
MPRegen 0.09/turn                (no ring)

@: no status effects
A: no striking features
a: no special abilities


You were on level 1 of the Dungeon.
You visited 1 branch of the dungeon, and saw 1 of its levels.

Inventory:

Hand Weapons
 a - a +3 quarterstaff (weapon)
Armour
 c - a +0 leather armour (worn)
Scrolls
 b - a scroll of teleportation


   Skills:
 * Level 2.0 Fighting
 * Level 3.0 Staves
 - Level 1.0 Stealth
 - Level 3.0 Spellcasting
 - Level 1.0 Earth Magic


You had 5 spell levels left.
You knew the following spells:

 Your Spells              Type           Power      Damage    Failure   Level
a - Sandblast             Erth           6%         2d5       22%         1

Your spell library contained the following spells:

 Spells                   Type           Power      Damage    Failure   Level
 Stone Arrow              Conj/Erth      4%         3d7       63%         3


Dungeon Overview and Level Annotations

Branches:
Dungeon (1/15)

Altars:


Message History

The jackal closely misses you. The jackal bites you.
You closely miss the jackal.
The jackal is moderately wounded.
The jackal misses you. The jackal closely misses you.
The jackal bites you but does no damage. x2
You closely miss the jackal. The jackal bites you. x2
The jackal barely misses you.
You hit the jackal.
The jackal is heavily wounded.
The jackal barely misses you. The jackal closely misses you.
The jackal bites you but does no damage.
You barely miss the jackal.
The jackal is heavily wounded.
The jackal barely misses you. The jackal closely misses you.
The jackal bites you but does no damage.
You closely miss the jackal.
The jackal is heavily wounded.
The jackal barely misses you. The jackal bites you.
* * * LOW HITPOINT WARNING * * *
The jackal bites you.
* * * LOW HITPOINT WARNING * * *
You hit the jackal.
The jackal is almost dead.
The jackal completely misses you. The jackal misses you.
The jackal bites you but does no damage.
The jackal closely misses you.
You completely miss the jackal.
The jackal is almost dead.
The jackal bites you but does no damage.
The jackal barely misses you. x2
You barely miss the jackal.
The jackal is almost dead.
The jackal barely misses you. x2
The jackal bites you but does no damage.
You completely miss the jackal.
The jackal is almost dead.
The jackal barely misses you. The jackal bites you.
* * * LOW HITPOINT WARNING * * *
The jackal bites you.
You die...

#.# #.# #.# #.#
#.# #b#
################h#
...............h@#
##################


You could see 2 jackals and a bat.

Vanquished Creatures
  A kobold (D:1)
1 creature vanquished.

Notes
Turn   | Place    | Note
-------+----------+-------------------------------------------
     0 | D:1      | Citaku the Human Wanderer began the quest for the Orb.
     0 | D:1      | Citaku set off with the following items: a +3 quarterstaff,
                  | a scroll of teleportation, a +0 leather armour; and the
                  | following spell memorised: Sandblast; and the following
                  | spells available to memorise: Stone Arrow.
     0 | D:1      | Reached XP level 1. HP: 16/16 MP: 4/4
    77 | D:1      | Slain by a jackal

Illustrated notes

Levels and vault maps discovered:
D:1:      dpeg_arrival_tiny_c, layout_basic,
          shapermc_ecumenical_altar_mp_urbaneastern

Action                   || total
-------------------------++-------
Melee: Quarterstaff      ||    16
Armor: Leather armour    ||     9
Dodge: Dodged            ||    21

Table legend: (Time is in decaauts)
 A = Elapsed time spent in this place.
 B = Non-inter-level travel time spent in this place.
 C = Inter-level travel time spent in this place.
 D = Time resting spent in this place.
 E = Time spent auto-exploring this place.
 F = Levels seen in this place.
 G = Mean time per level.
                   A        B        C        D        E       F      G
               +--------+--------+--------+--------+--------+-----+--------+
         Total |     79 |     79 |      0 |      0 |     46 |   1 |   79.0 |
       Dungeon |     79 |     79 |      0 |      0 |     46 |   1 |   79.0 |
               +--------+--------+--------+--------+--------+-----+--------+

Top non-repeatable levels by time:
     D:1: 79 daAuts
